 Dungeon Crawl Stone Soup version 0.26-a0-520-g952f204493 (webtiles) character file.

Game seed: 14904085424572552717

83 ANON1729 the Poker (level 4, -1/34 HPs)
             Began as a Merfolk Gladiator on Aug 12, 2020.
             Was a Follower of the Shining One.
             Killed by nerve-wracking pain
             ... invoked by Grinder
              (8 damage)
             ... on level 3 of the Dungeon.
             The game lasted 00:02:14 (2362 turns).

ANON1729 the Poker (Merfolk Gladiator)              Turns: 2362, Time: 00:02:15

Health: -1/34      AC:  4    Str: 15    XL:     4   Next: 44%
Magic:  0/4        EV: 14    Int:  7    God:    the Shining One [*.....]
Gold:   151        SH:  0    Dex: 15    Spells: 3/3 levels left

rFire    . . .     SeeInvis .   a - +0 trident
rCold    + . .     Faith    .   (no shield)
rNeg     . . .     Spirit   +   b - +0 leather armour
rPois    .         Reflect  .   c - +0 helmet
rElec    .         Harm     .   (no cloak)
rCorr    .                      (no gloves)
MR       .....                  (no boots)
Stlth    +.........             j - amulet of guardian spirit
HPRegen  0.11/turn              m - ring of protection from cold
MPRegen  0.09/turn              (no ring)

@: glowing
A: change form in water, swift swim, stealthy swim
a: Renounce Religion


You were on level 3 of the Dungeon.
You worshipped the Shining One.
The Shining One was aware of your devotion.
You visited 1 branch of the dungeon, and saw 3 of its levels.

You collected 151 gold pieces.

Inventory:

Hand Weapons
 a - a +0 trident (weapon)
Missiles
 d - 3 throwing nets (quivered)
Armour
 b - a +0 leather armour (worn)
 c - a +0 helmet (worn)
Jewellery
 j - an amulet of guardian spirit (around neck)
 m - a ring of protection from cold (left hand)
Scrolls
 h - 2 scrolls of enchant weapon {unknown}
 k - a scroll of identify {unknown}
 l - a scroll of magic mapping {unknown}
 n - 2 scrolls of remove curse {unknown}
 p - a scroll of enchant armour {unknown}
Potions
 e - a potion of brilliance {unknown}
 f - 3 potions of magic {unknown}
 g - a potion of resistance {unknown}
 i - 2 potions of flight {unknown}
 o - a potion of might {unknown}
 q - a potion of stabbing {unknown}
 r - a potion of mutation {unknown}


   Skills:
 + Level 2.9 Fighting
 * Level 5.7 Polearms
 + Level 2.7 Throwing
 + Level 4.7 Dodging


You had 3 spell levels left.
You didn't know any spells.
Your spell library was empty.

Dungeon Overview and Level Annotations

Branches:
Dungeon (3/15)

Altars:
Sif Muna
Trog
Yredelemnul
The Shining One

Annotations:
D:3 Grinder


Message History

Pain shoots through your body!
You puncture the giant cockroach!
You kill the giant cockroach!
You closely miss Grinder.
Grinder is moderately wounded.
Grinder hits you!
You writhe in agony.
* * * LOW HITPOINT WARNING * * *
You hit Grinder but do no damage.
Grinder is moderately wounded.
Grinder says, "You look like you could use a good racking."
Grinder barely misses you.
You puncture Grinder!
Grinder is heavily wounded.
Grinder closely misses you.
Okay, then.
You puncture Grinder!
Grinder is severely wounded.
Grinder gestures at you. Pain shoots through your body!
You die...

#.
###.##.......#......#
#.
............##.#.###
##
#######.###..####.#
#.###..####.#
#...........#
#.###..###### #..#
#.###..# #..5@..#
.........##
.###..#### #.. #. #.
#


You could see Grinder.

Vanquished Creatures
  3 adders
  An ooze (D:1)
  A worm (D:2)
  A leopard gecko (D:3)
  3 orcs (D:3)
  5 giant cockroaches
  3 goblins (D:2)
  2 hobgoblins (D:2)
  7 jackals (D:1)
  A quokka (D:2)
  A ball python (D:1)
  4 bats (D:1)
  4 frilled lizards
  4 kobolds
  4 rats
44 creatures vanquished.

Notes
Turn   | Place    | Note
-------+----------+-------------------------------------------
     0 | D:1      | ANON1729 the Merfolk Gladiator began the quest for the Orb.
     0 | D:1      | Reached XP level 1. HP: 16/16 MP: 1/1
   163 | D:1      | Reached XP level 2. HP: 11/23 MP: 2/2
   735 | D:1      | Reached skill level 5 in Polearms
   755 | D:1      | Reached XP level 3. HP: 16/28 MP: 1/3
  1555 | D:2      | Found a basalt altar of Yredelemnul.
  1571 | D:2      | Reached XP level 4. HP: 34/34 MP: 4/4
  1637 | D:2      | Found a bloodstained altar of Trog.
  1949 | D:2      | Found a shimmering blue altar of Sif Muna.
  2167 | D:2      | Found a glowing golden altar of the Shining One.
  2199 | D:2      | Found a faded altar of an unknown god.
  2204 | D:2      | Became a worshipper of the Shining One
  2204 | D:2      | Reached * piety under the Shining One
  2239 | D:2      | Noticed an angel
  2344 | D:3      | Noticed Grinder
  2346 | D:3      | Paralysed by Grinder for 6 turns
  2362 | D:3      | Killed from afar by Grinder

Illustrated notes

Levels and vault maps discovered:
D:1:      matt_arrival_refuge, layout_loops_ring, minivault_26
D:2:      wad_pebble_path, layout_basic, grunt_temple_overflow_holy_war,
          lemuel_blue_sif_altar, lemuel_doored_altar,
          chequers_ecumenical_altar_lobes
D:3:      layout_loops_ring, grunt_temple_overflow_diamond, minmay_bisected,
          uniq_crazy_yiuf_cottage, uniq_robin, uniq_grinder

Skill      XL: |  1  2 |
---------------+-------+-----
Polearms       | 5 |  5.7
Fighting       | |  2.9
Throwing       | |  2.7
Dodging        | |  4.7

Action                   |  1- 3 |  4- 6 || total
-------------------------+-------+-------++-------
Melee: Trident           |   126 |    53 ||   179
 Stab: Sleeping          |     1 |       ||     1
Armor: Leather armour    |    24 |    10 ||    34
Dodge: Dodged            |   103 |    26 ||   129

Table legend: (Time is in decaauts)
 A = Elapsed time spent in this place.
 B = Non-inter-level travel time spent in this place.
 C = Inter-level travel time spent in this place.
 D = Time resting spent in this place.
 E = Time spent auto-exploring this place.
 F = Levels seen in this place.
 G = Mean time per level.
                   A        B        C        D        E       F      G
               +--------+--------+--------+--------+--------+-----+--------+
         Total |   2368 |   2338 |     30 |    591 |   1408 |   3 |  789.3 |
       Dungeon |   2368 |   2338 |     30 |    591 |   1408 |   3 |  789.3 |
               +--------+--------+--------+--------+--------+-----+--------+

Top non-repeatable levels by time:
     D:2: 1285 daAuts
     D:1: 979 daAuts
     D:3: 103 daAuts
